 Dungeon Crawl Stone Soup version 0.29.1-1-gd02db6906a (webtiles) character file.

Game seed: 11634266070653556170

51277 nshep25 the Executioner (level 14, -4/141 HPs)
             Began as a Minotaur Fighter on Oct 3, 2022.
             Slain by a death yak (20 damage)
             ... on level 5 of the Lair of Beasts.
             The game lasted 00:41:26 (16922 turns).

nshep25 the Executioner (Minotaur Fighter)         Turns: 16922, Time: 00:41:27

Health: -4/141     AC: 19    Str: 30    XL:     14   Next: 22%
Magic:  13/13      EV: 15    Int:  5    God:
Gold:   679        SH:  0    Dex: 14    Spells: 13/13 levels left

rFire   . . .      SeeInvis +   a - +8 executioner's axe of Mopsybet {vorpal, Dex+4}
rCold   . . .      Faith    .   (shield currently unavailable)
rNeg    . . .      Spirit   .   G - +5 ring mail "Eraacuanio" {Str+4}
rPois   .          Reflect  .   S - +2 hat
rElec   +          Harm     .   V - +1 cloak of Uskayaw's Fury {Contam rElec Will++ SInv}
rCorr   +          Rampage  .   A - +0 pair of gloves
Will    ++++.                   o - +0 pair of boots
Stlth   ++........              (no amulet)
HPRegen 0.33/turn               C - ring of resist corrosion
MPRegen 0.13/turn               t - ring of willpower

@: no status effects
A: horns 2, retaliatory headbutt
a: no special abilities


You were on level 5 of the Lair of Beasts.
You visited 3 branches of the dungeon, and saw 16 of its levels.
You also visited: Ossuary and Bailey.

You collected 945 gold pieces.
You spent 266 gold pieces at shops.

Inventory:

Hand Weapons
 a - the +8 executioner's axe of Mopsybet (weapon) {vorpal, Dex+4}
   (You acquired it in an ossuary)

   It inflicts extra damage upon your enemies.
   Dex:       It affects your dexterity (+4).
 b - a +2 battleaxe of protection {yeet}
Missiles
 v - 7 poisoned darts (quivered)
 B - 5 curare-tipped darts
 F - a throwing net
Armour
 h - a +1 cloak
 o - a +0 pair of boots (worn)
 A - a +0 pair of gloves (worn)
 G - the +5 ring mail "Eraacuanio" (worn) {Str+4}
   (You found it on level 4 of the Dungeon)

   Str:       It affects your strength (+4).
 S - a +2 hat (worn)
 V - the +1 cloak of Uskayaw's Fury (worn) {Contam rElec Will++ SInv}
   (You found it on level 4 of the Lair of Beasts)

   rElec:     It insulates you from electricity.
   SInv:      It lets you see invisible.
   Contam:    It causes magical contamination when unequipped.
   Will:      It greatly increases your willpower.
Jewellery
 g - a ring of positive energy
 k - an amulet of reflection
 l - an amulet of magic regeneration
 q - the amulet of Elemental Vulnerability {rPois rF-- rC-- AC+8}
   (You found it on level 2 of the Dungeon)

   [amulet of nothing]

   AC:        It affects your AC (+8).
   rF:        It makes you very vulnerable to fire.
   rC:        It makes you very vulnerable to cold.
   rPois:     It protects you from poison.
 r - a ring of protection from fire
 t - a ring of willpower (right hand)
 z - a ring of ice
 C - a ring of resist corrosion (left hand)
 I - a ring of magical power
 L - a ring of wizardry
 M - a ring of ice
Wands
 y - a wand of flame (63)
 K - a wand of roots (14)
 R - a wand of light (15)
 U - a wand of mindburst (4)
Scrolls
 c - a scroll of silence
 e - 3 scrolls of vulnerability {unknown}
 i - 5 scrolls of identify
 m - 5 scrolls of teleportation
 n - 2 scrolls of enchant armour
 p - a scroll of magic mapping
 u - a scroll of amnesia
 x - 3 scrolls of blinking {unknown}
 D - 3 scrolls of fear
 J - 2 scrolls of summoning {unknown}
 T - a scroll of brand weapon
Potions
 d - 3 potions of might
 f - 8 potions of brilliance
 j - 5 potions of heal wounds
 s - 13 potions of curing
 w - 3 potions of mutation
 E - a potion of invisibility {unknown}
 H - 3 potions of attraction {unknown}
 N - 3 potions of flight
 O - 3 potions of haste
 P - 2 potions of magic
 Q - 2 potions of berserk rage
Miscellaneous
 W - a phial of floods


   Skills:
 + Level 17.9 Fighting
 + Level 21.5 Axes
 + Level 10.9 Armour
 + Level 8.3 Dodging
 + Level 4.3 Stealth
 + Level 5.2 Shields


You had 13 spell levels left.
You didn't know any spells.
Your spell library contained the following spells:

 Spells                   Type           Power      Damage    Failure   Level
 Magic Dart               Conj           0%         1d3       56%         1
 Shock                    Conj/Air       0%         1d3       56%         1
 Call Imp                 Summ           0%         N/A       71%         2
 Scorch                   Fire           0%         2d5       71%         2
 Mephitic Cloud           Conj/Pois/Air  0%         N/A       91%         3
 Portal Projectile        Hex/Tloc       0%         N/A       91%         3
 Swiftness                Air            0%         N/A       91%         3
 Tukima's Dance           Hex            0%         N/A       91%         3
 Airstrike                Air            0%         2d(0-16)  100%        4
 Flame Wave               Conj/Fire      0%         2d4       100%        4
 Blade Hands              Tmut           0%         N/A       100%        5
 Summon Cactus Giant      Summ           0%         N/A       100%        6


Dungeon Overview and Level Annotations

Branches:
Dungeon (10/15)            Temple (1/1) D:6            Lair (5/5) D:10
 Shoals (0/4) Lair:3        Snake (0/4) Lair:3      Ossuary (visited)
 Bailey (visited)
  Slime: Lair:4-5       Orc: D:9-12

Altars:
Ashenzari
Cheibriados
Dithmenos
Elyvilon
Fedhas
Gozag
Hepliaklqana
Kikubaaqudgha
Makhleb
Nemelex Xobeh
Okawaru
Qazlal
Ru
Sif Muna
Trog
Uskayaw
Vehumet
Wu Jian
Xom
Yredelemnul
Zin
The Shining One

Shops:
D:7 (   D:10 =

Portals:
Trove: D:10 (give 17 potions of curing)

Annotations:
Lair:1 exclusion: oklob plant


Innate Abilities, Weirdness & Mutations

You have a pair of horns on your head.
You reflexively headbutt those who attack you in melee.


Message History

You are engulfed in calcifying dust.
The death yak gores you.
The catoblepas gores you but does no damage.
The death yak gores you but does no damage.
You are engulfed in calcifying dust.
The death yak completely misses you.
The death yak gores you but does no damage.
The catoblepas gores you but does no damage.
The death yak barely misses you. The catoblepas gores you.
The death yak barely misses you.
You turn to flesh and can move again.
The death yak attacks as you move away! The death yak gores you!
The death yak bellows!
You slash the catoblepas!
The catoblepas is moderately wounded.
You slash the death yak! You slice the catoblepas!!
The catoblepas is severely wounded.
You slice the death yak!! The death yak gores you! The catoblepas gores you.
You slash the catoblepas!
The catoblepas is almost dead.
You hit the death yak. The catoblepas gores you!
* * * LOW HITPOINT WARNING * * *
The death yak gores you but does no damage.
You slice the catoblepas!!
You kill the catoblepas!
You slash the death yak! The death yak misses you. You furiously retaliate!
You headbutt the death yak! You hit the death yak but do no damage.
You completely miss the death yak. The death yak gores you!!
* * * LOW HITPOINT WARNING * * *
The death yak gores you!
* * * LOW HITPOINT WARNING * * *
You feel much better. The death yak misses you. You furiously retaliate!
You headbutt the death yak. The death yak gores you!
* * * LOW HITPOINT WARNING * * *
The death yak attacks as you move away! The death yak completely misses you.
You see here a death yak corpse.
You slash the death yak! You headbutt the death yak.
The death yak is moderately wounded.
The death yak gores you!!
You die...

###### ##..P.#######
### ##...........##
###..##Y@..P.....÷.P##
#....YY.#######......##
##...Y### ###.....#
#P..T÷§..YY. ###.♣†##
##..÷....Y.. ###..##
#.#.....##. ##..#
#.##....# #... #.
#....# ##.. #. .÷....
#..


You could see 4 death yaks.

Vanquished Creatures
  The ghost of Wemim the Grappler, a journeyman TrFi of Wu Jian (Lair:3)
  2 vault guards (Bailey)
  3 hydras
  Fannar (D:10)
  A two-headed ogre (D:10)
  A catoblepas (Lair:5)
  20 death yaks
  A lindwurm (Lair:3)
  A merfolk siren (Lair:3)
  13 elephants
  6 black mambas
  Maggie (Lair:1)
  11 cane toads
  4 rime drakes
  A kobold demonologist (D:10)
  9 komodo dragons
  Psyche (D:9)
  A troll (D:6)
  Prince Ribbit (Bailey)
  7 dream sheep (Lair:5)
  7 blink frogs
  2 wraiths (D:10)
  8 spriggans
  4 wyverns
  57 yaks
  2 humans (Bailey)
  2 nagas (Lair:3)
  7 water moccasins
  Duvessa (D:7)
  2 sky beasts
  5 black bears
  An ice beast (D:6)
  5 orc warriors
  2 ogres
  A centaur (D:8)
  13 wolves
  A kobold brigand (D:10)
  19 bullfrogs
  A gnoll sergeant (D:9)
  4 scorpions
  8 wights
  Dowan (D:7)
  A howler monkey (D:10)
  3 centaur zombies (Ossuary)
  2 hounds
  3 jellies
  5 orc priests
  2 iguanas
  5 orc wizards
  2 hell rats (Lair:4)
  2 ogre zombies (Ossuary)
  7 mummies (Ossuary)
  18 gnolls
  9 adders
  9 river rats (Lair:4)
  An ufetubus (D:5)
  2 adder zombies (Ossuary)
  4 worms
  4 dart slugs
  40 orcs
  10 ball pythons
  2 bats (D:1)
  3 endoplasms
  A giant cockroach (D:3)
  2 gnoll zombies (Ossuary)
  6 hobgoblins
  6 kobolds
  3 frilled lizards
  5 goblins
  3 goblin zombies (Ossuary)
  4 hobgoblin zombies (Ossuary)
  3 quokka zombies (Ossuary)
  3 rats
  11 rat zombies (Ossuary)
420 creatures vanquished.

Vanquished Creatures (others)
  27 fungi
  38 plants
  16 toadstools (Lair:1)
81 creatures vanquished.

Grand Total: 501 creatures vanquished

Notes
Turn   | Place    | Note
-------+----------+-------------------------------------------
     0 | D:1      | nshep25 the Minotaur Fighter began the quest for the Orb.
     0 | D:1      | Reached XP level 1. HP: 19/19 MP: 0/0
   116 | D:1      | Reached XP level 2. HP: 24/27 MP: 1/1
   156 | D:1      | Found a faded altar of an unknown god.
   865 | D:2      | Reached XP level 3. HP: 28/33 MP: 2/2
  1114 | D:2      | Reached skill level 3 in Axes
  1280 | D:2      | Reached XP level 4. HP: 35/40 MP: 3/3
  1552 | D:2      | Found the amulet of Elemental Vulnerability {rPois rF--
                  | rC-- AC+8}
  2187 | D:3      | Reached skill level 4 in Axes
  2191 | D:3      | Reached XP level 5. HP: 47/47 MP: 4/4
  2943 | D:4      | Reached skill level 5 in Axes
  3160 | D:4      | Noticed a sky beast
  3174 | D:4      | Killed a sky beast
  3175 | D:4      | Reached skill level 5 in Fighting
  3175 | D:4      | Reached skill level 5 in Armour
  3175 | D:4      | Reached XP level 6. HP: 26/56 MP: 5/5
  3497 | D:4      | Reached skill level 1 in Dodging
  4141 | D:4      | Identified the +5 ring mail "Eraacuanio" {Str+4}
  4163 | D:4      | Reached skill level 6 in Axes
  4163 | D:4      | Reached XP level 7. HP: 43/61 MP: 6/6
  4266 | D:4      | Found a burning altar of Makhleb.
  4266 | D:4      | Found a bloodstained altar of Trog.
  4379 | D:5      | Entered Level 5 of the Dungeon
  5070 | D:6      | Found a staircase to the Ecumenical Temple.
  5078 | Temple   | Entered the Ecumenical Temple
  5626 | D:6      | Reached skill level 7 in Axes
  5902 | D:6      | Reached XP level 8. HP: 68/70 MP: 7/7
  5989 | D:6      | Noticed a troll
  5995 | D:6      | Killed a troll
  5996 | D:6      | Reached skill level 1 in Stealth
  6247 | D:6      | Reached skill level 8 in Axes
  6247 | D:6      | Reached skill level 5 in Shields
  6918 | D:7      | Noticed Duvessa
  6919 | D:7      | Noticed Dowan
  6927 | D:7      | Killed Dowan
  6937 | D:7      | Killed Duvessa
  7043 | D:7      | Found Egenuw's Antique Weapon Boutique.
  7051 | D:7      | Bought a runed battleaxe for 266 gold pieces
  7087 | D:7      | Found a sand-covered staircase.
  7095 | Ossuary  | Entered an ossuary
  7436 | Ossuary  | Reached skill level 9 in Axes
  7716 | Ossuary  | Identified 2 scrolls of acquirement
  7716 | Ossuary  | Acquired the +8 executioner's axe of Mopsybet {vorpal,
                  | Dex+4}
  7754 | Ossuary  | Acquired a manual of Fighting
  7961 | D:7      | Reached XP level 9. HP: 78/78 MP: 8/8
  8321 | D:8      | Reached skill level 10 in Axes
  8720 | D:9      | Reached skill level 11 in Axes
  8794 | D:9      | Found a flagged portal.
  8809 | Bailey   | Entered a bailey
  8904 | Bailey   | Reached skill level 12 in Axes
  8913 | Bailey   | Reached XP level 10. HP: 66/91 MP: 9/9
  9023 | Bailey   | Noticed a vault guard
  9033 | Bailey   | Killed a vault guard
  9171 | Bailey   | Noticed Prince Ribbit
  9171 | Bailey   | Noticed a vault guard
  9177 | Bailey   | Killed a vault guard
  9178 | Bailey   | Reached skill level 10 in Fighting
  9178 | Bailey   | Reached skill level 13 in Axes
  9178 | Bailey   | Killed Prince Ribbit
  9413 | D:9      | Noticed Psyche
  9418 | D:9      | Killed Psyche
  9419 | D:9      | Reached skill level 5 in Dodging
 10153 | D:10     | Entered Level 10 of the Dungeon
 10159 | D:10     | Reached skill level 14 in Axes
 10164 | D:10     | Noticed a two-headed ogre
 10174 | D:10     | Killed a two-headed ogre
 10179 | D:10     | Reached XP level 11. HP: 52/102 MP: 10/10
 10431 | D:10     | Found Qankimi's Jewellery Shop.
 10505 | D:10     | Found a staircase to the Lair.
 10652 | D:10     | Noticed Fannar
 10661 | D:10     | Killed Fannar
 10662 | D:10     | Reached skill level 15 in Axes
 10836 | D:10     | Found a portal to a secret trove of treasure.
 10873 | Lair:1   | Entered Level 1 of the Lair of Beasts
 11128 | Lair:1   | Noticed a six-headed hydra
 11137 | Lair:1   | Killed an eight-headed hydra
 11266 | Lair:1   | Noticed a death yak
 11267 | Lair:1   | Noticed a death yak
 11268 | Lair:1   | Noticed a death yak
 11269 | Lair:1   | Noticed a death yak
 11274 | Lair:1   | Killed a death yak
 11275 | Lair:1   | Reached skill level 16 in Axes
 11279 | Lair:1   | Killed a death yak
 11283 | Lair:1   | Killed a death yak
 11287 | Lair:1   | Killed a death yak
 11796 | Lair:1   | Noticed Maggie
 11801 | Lair:1   | Killed Maggie
 11846 | Lair:1   | Found a blossoming altar of Fedhas.
 11867 | Lair:1   | Noticed an oklob plant
 12061 | Lair:2   | Reached skill level 17 in Axes
 12319 | Lair:2   | Reached XP level 12. HP: 115/115 MP: 11/11
 12830 | Lair:3   | Found a staircase to the Snake Pit.
 13005 | Lair:3   | Reached skill level 18 in Axes
 13726 | Lair:3   | Reached skill level 10 in Armour
 13939 | Lair:3   | Noticed a five-headed hydra
 13946 | Lair:3   | Killed a nine-headed hydra
 14107 | Lair:3   | Reached skill level 15 in Fighting
 14192 | Lair:3   | Reached skill level 19 in Axes
 14238 | Lair:3   | Noticed a death yak
 14238 | Lair:3   | Noticed a death yak
 14238 | Lair:3   | Noticed a death yak
 14238 | Lair:3   | Noticed a death yak
 14239 | Lair:3   | Noticed a death yak
 14240 | Lair:3   | Noticed a death yak
 14241 | Lair:3   | Killed a death yak
 14245 | Lair:3   | Reached XP level 13. HP: 98/126 MP: 12/12
 14474 | Lair:3   | Found a staircase to the Shoals.
 14563 | Lair:3   | Found a runed translucent door.
 14577 | Lair:3   | Noticed Wemim's ghost (journeyman TrFi)
 14634 | Lair:3   | Killed Wemim's ghost
 14955 | Lair:4   | Reached skill level 20 in Axes
 15595 | Lair:4   | Identified the +1 cloak of Uskayaw's Fury {Contam rElec
                  | Will++ SInv}
 16286 | Lair:5   | Entered Level 5 of the Lair of Beasts
 16532 | Lair:5   | Reached skill level 21 in Axes
 16553 | Lair:5   | Reached XP level 14. HP: 102/140 MP: 13/13
 16922 | Lair:5   | Slain by a death yak

Illustrated notes

Levels and vault maps discovered:
D:1:      ebering_hopf_link, layout_basic, hellmonk_ecumenical_altar_run_dry
D:2:      layout_loops_corners, minmay_heptomino_d4
D:3:      layout_basic, minivault_4, saegor_snake_ambush
D:4:      layout_loops_corners, gammafunk_temple_overflow_pools
D:5:      layout_rooms
D:6:      layout_basic, minmay_temple_entry_steel_oval
D:7:      layout_rooms, nicolae_ossuary_entry_monument, serial_shops,
          nicolae_shop_advertising_works [nicolae_subvault_shop_adworks],
          uniq_duvessa
D:8:      layout_rooms
D:9:      layout_loops_corners, enter_bailey_2, uniq_psyche
D:10:     layout_rooms, grunt_lair_entry_orc_guard_hut,
          nicolae_trove_entry_columns, serial_shops, shop, uniq_fannar
Temple:   mainiacjoe_temple_cubbyholes
Lair:1:   layout_regular_city, ldierk_geyser, tgw_fedhas, lemuel_fruit_tree,
          lemuel_fruit_fields, uniq_maggie
Lair:2:   kb_forest_paths, layout_cellular_growth
Lair:3:   layout_gridlike, elwin_shoals_entry_rooms,
          guppyfry_snake_entry_garden, ebering_ghost_inner_flame
Lair:4:   layout_cave_pods, kennysheep_rathole, grunt_megastairs_1
Lair:5:   grunt_lair_end_beastmaster, layout_loops_ring,
          dpeg_slime_entry_enclosed, grunt_forest_large_clearing_hut,
          infiniplex_staircase_pool_2

Skill      XL: |  1  2  3  4  5  6  7  8  9 10 11 12 13 |
---------------+----------------------------------------+-----
Fighting       | 4 5 6 9 11 13 15 17 | 17.9
Shields        | 4 5 |  5.2
Armour         | 4 5 6 7 8 9 10 | 10.9
Axes           | 3 4 5 6 7 9 12 14 17 19 21 | 21.5
Dodging        | 1 3 4 5 6 7 8 |  8.3
Stealth        | 1 2 3 4 |  4.3

Action                   |  1- 3 |  4- 6 |  7- 9 | 10-12 | 13-15 || total
-------------------------+-------+-------+-------+-------+-------++-------
Melee: War axe           |    62 |   136 |    96 |       |       ||   294
       Headbutt          |     7 |    25 |    37 |    53 |    54 ||   176
       Battleaxe         |       |       |    53 |       |       ||    53
       Executioner's axe |       |       |    68 |   241 |   192 ||   501
  Use: Scroll            |       |       |    22 |       |       ||    22
       Potion            |       |       |       |     1 |     1 ||     2
 Stab: Sleeping          |       |       |       |     5 |     1 ||     6
       Distracted        |       |       |       |     1 |       ||     1
       Petrified         |       |       |       |       |     4 ||     4
Armor: Scale mail        |    34 |    61 |       |       |       ||    95
       Ring mail         |       |       |   112 |   126 |   103 ||   341
Dodge: Dodged            |    27 |    60 |   139 |   163 |   112 ||   501
Block: Buckler           |    19 |    26 |    31 |       |       ||    76
